 Dungeon Crawl Stone Soup version 0.24.0-1-gfbc8707122 (webtiles) character file.

Game seed: 15277699764335669651, levelgen mode: classic

184 EnegeticOcto the Shield-Bearer (level 5, -1/47 HPs)
             Began as a Minotaur Fighter on Oct 27, 2019.
             Was an Initiate of Makhleb.
             Slain by an orc priest
             ... wielding a +0 hand axe
              (3 damage)
             ... on level 4 of the Dungeon.
             The game lasted 00:01:55 (2607 turns).

EnegeticOcto the Shield-Bearer (Minotaur Fighter)   Turns: 2607, Time: 00:01:55

Health: -1/47      AC:  7    Str: 21    XL:     5   Next: 36%
Magic:  4/4        EV: 14    Int:  5    God:    Makhleb [......]
Gold:   138        SH: 11    Dex: 13    Spells: 4/4 levels left

rFire    . . .     SeeInvis .   a - +0 war axe
rCold    . . .     Gourm    .   c - +1 shield
rNeg     . . .     Faith    .   b - +0 scale mail
rPois    .         Spirit   .   (helmet restricted)
rElec    .         Reflect  .   (no cloak)
rCorr    .         Harm     .   (no gloves)
MR       .....                  (no boots)
Stlth    ..........             (no amulet)
HPRegen  0.15/turn              o - +6 ring of evasion {=R}
MPRegen  0.09/turn              m - +3 ring of dexterity

@: no status effects
A: retaliatory headbutt, horns 2
a: Renounce Religion


You were on level 4 of the Dungeon.
You worshipped Makhleb.
Makhleb was noncommittal.
You were very hungry.

You visited 1 branch of the dungeon, and saw 4 of its levels.

You collected 138 gold pieces.

Inventory:

Hand Weapons
 a - a +0 war axe (weapon)
Armour
 b - a +0 scale mail (worn)
 c - a +1 shield (worn)
Jewellery
 m - a +3 ring of dexterity (right hand)
 o - a +6 ring of evasion (left hand) {=R}
Wands
 s - a wand of enslavement (6)
Scrolls
 g - a scroll of remove curse {@r2}
 p - a scroll of enchant armour
Potions
 d - 3 potions of might {@q3 !q}
 q - a potion of flight
 r - a potion of haste {@q4 !q}
Comestibles
 e - 6 rations


   Skills:
 + Level 4.3 Fighting
 * Level 4.2 Axes
 + Level 4.2 Armour
 + Level 2.0 Dodging
 + Level 4.5 Shields
 * Level 1.1 Invocations


You had 4 spell levels left.
You didn't know any spells.
Your spell library was empty.

Dungeon Overview and Level Annotations

Branches:
Dungeon (4/15)
 Temple: D:4-7

Altars:
Makhleb

Annotations:
D:3 2 runed translucent doors, Esos's ghost, weakling DgIE


Innate Abilities, Weirdness & Mutations

You reflexively headbutt those who attack you in melee.
You have a pair of horns on your head.


Message History

The magic dart hits you.
* * * LOW HITPOINT WARNING * * *
You block the orc's attack.
The orc wizard hits you but does no damage.
The orc closely misses you.
The orc priest looks braver for a moment.
You fade into invisibility!
The orc wizard misses you. You furiously retaliate!
You headbutt the orc wizard!
The orc wizard hits you with a +0 dagger.
* * * LOW HITPOINT WARNING * * *
You block the orc's attack. The orc priest completely misses you.
You furiously retaliate!
You headbutt the orc priest, but do no damage.
You are very lightly contaminated with residual magic.
Your scale mail prevents you from hitting the orc priest.
You hit the orc wizard.
The orc wizard hits you with a +0 dagger.
* * * LOW HITPOINT WARNING * * *
The orc wizard gestures at you while chanting.
The magic dart hits you!
* * * LOW HITPOINT WARNING * * *
You block the orc priest's attack. The orc priest barely misses you.
You furiously retaliate!
You headbutt the orc priest.
There is a stone staircase leading up here.
You climb upwards.
Level annotation: 2 runed translucent doors, Esos's ghost, weakling DgIE
There is a stone staircase leading down here.
You start resting.
You flicker for a moment.
You start resting.
You flicker back into view.
You start resting.
Your magical contamination has completely faded away.
You start resting.
You are feeling very hungry.
You start resting.
HP restored.
You climb downwards.
You hear the hiss of flowing sand.
There is an entrance to an ossuary on this level.
Hurry and find it before the portal is buried!
You hear the hiss of a very distant avalanche of sand.
The orc priest mumbles some strange prayers to Beogh against you.
Beogh smites you!
There is a stone staircase leading up here.
The orc hits you but does no damage. The orc wizard casts a spell at you.
You block the puff of flame.
You hit the orc wizard.
The orc wizard is moderately wounded.
You block the orc wizard's attack. The orc hits you but does no damage.
You closely miss the orc wizard. Your headbutt misses the orc wizard.
The orc wizard is moderately wounded.
You barely miss the orc priest. The orc priest closely misses you.
The orc wizard closely misses you. You furiously retaliate!
You headbutt the orc wizard! The orc closely misses you.
You block the orc priest's attack.
You barely miss the orc wizard. You headbutt the orc wizard.
You kill the orc wizard!
Makhleb accepts your kill.
Your Invocations skill increases to level 1!
You hit the orc priest but do no damage.
You block the orc's attack.
The orc priest hits you but does no damage.
You barely miss the orc priest. You block the orc's attack.
The orc priest invokes the aid of Beogh against you.
Beogh smites you! You block the orc's attack.
You hit the orc priest but do no damage.
The orc priest hits you but does no damage.
You block the orc's attack.
The orc priest calls down the wrath of Beogh upon you.
Beogh smites you!
* * * LOW HITPOINT WARNING * * *
You are too injured to fight recklessly!
You are too injured to fight recklessly!
You are too injured to fight recklessly!
You are too injured to fight recklessly!
You hit the orc priest.
You headbutt the orc priest, but do no damage.
The orc priest is heavily wounded.
You block the orc's attack. The orc priest closely misses you.
You hit the orc priest but do no damage.
You headbutt the orc priest, but do no damage.
The orc priest is heavily wounded.
You block the orc's attack.
The orc priest hits you with a +0 hand axe.
* * * LOW HITPOINT WARNING * * *
The orc priest mumbles some strange prayers to Beogh against you.
Pain shoots through your body!
* * * LOW HITPOINT WARNING * * *
There is a stone staircase leading up here.
Press: ? - help, v - describe, . - travel, g - get item
Here: an orc, wielding a +4 trident and wearing a +0 scale mail A +0 dagger.
There is something else lying underneath.
The floor, spattered with blood.
The orc hits you but does no damage.
The orc priest hits you with a +0 hand axe.
You die...

#########
#.......#
#.......# #
#.......# .โ‰ˆ
#.......# .โ‰ˆ.
##.......#
.โ‰ˆ..##.@......#
#.....o.....#
#....o$.....#
####).......#
#...รท.......#
...#..##.###### .
...# .# ...#. ..
..... ...


You could see an orc priest and an orc.

Vanquished Creatures
  An orc wizard (D:4)
  A centaur skeleton (D:3)
  Natasha (D:2)
  4 adders
  2 oozes
  A worm (D:2)
  A dart slug (D:1)
  A leopard gecko (D:2)
  An orc (D:4)
  3 ball pythons
  6 bats
  3 giant cockroaches
  5 goblins
  5 hobgoblins
  4 jackals (D:4)
  3 kobolds (D:1)
  A quokka (D:2)
  3 frilled lizards
  A quokka skeleton (D:3)
  A quokka zombie (D:3)
  8 rats
56 creatures vanquished.

Notes
Turn   | Place    | Note
-------+----------+-------------------------------------------
     0 | D:1      | EnegeticOcto the Minotaur Fighter began the quest for the
                  | Orb.
     0 | D:1      | Reached XP level 1. HP: 19/19 MP: 0/0
   252 | D:1      | Reached XP level 2. HP: 27/27 MP: 1/1
   869 | D:2      | Noticed Natasha
   872 | D:2      | Reached skill level 1 in Dodging
   876 | D:2      | Noticed a crimson imp
   876 | D:2      | Killed Natasha
   876 | D:2      | Reached XP level 3. HP: 8/33 MP: 2/2
  1153 | D:2      | Reached XP level 4. HP: 39/40 MP: 3/3
  1406 | D:2      | Found a burning altar of Makhleb.
  1414 | D:2      | Became a worshipper of Makhleb the Destroyer
  1717 | D:3      | Reached XP level 5. HP: 43/46 MP: 4/4
  1807 | D:3      | Found a faded altar of an unknown god.
  1980 | D:3      | Found a runed translucent door.
  1980 | D:3      | Noticed Esos's ghost (weakling DgIE)
  2237 | D:3      | Found a runed translucent door.
  2307 | D:4      | HP: 2/46 [orc wizard/magic dart (8)]
  2601 | D:4      | Reached skill level 1 in Invocations
  2606 | D:4      | HP: 1/47 [orc priest/nerve-wracking pain (4)]
  2607 | D:4      | Slain by an orc priest

Levels and vault maps discovered:
D:1:      dpeg_arrival_pond, layout_loops_corners,
          chequers_serial_rivers_small_b
D:2:      layout_rooms, old_standard_altar, first_ration, uniq_natasha
D:3:      layout_basic, serial_undead, serial_undead_b, serial_undead_a,
          serial_undead_c, serial_undead_c, ebering_ghost_sewer_f,
          chequers_ecumenical_altar_simple_redux
D:4:      layout_rooms, chequers_ossuary_entry_cave,
          chequers_serial_rivers_micro_a, nicolae_ru_the_path_less_chosen,
          uniq_pikel

Skill      XL: |  1  2  3  4  5 |
---------------+----------------+-----
Axes           | 3 4 |  4.2
Dodging        | 1 2 |  2.0
Armour         | 4 |  4.2
Shields        | 4 |  4.5
Fighting       | 4 |  4.3
Invocations    | 1 |  1.1

Action                   |  1- 3 |  4- 6 || total
-------------------------+-------+-------++-------
Melee: War axe           |    50 |    74 ||   124
       Headbutt          |     2 |    14 ||    16
  Use: Scroll            |       |    10 ||    10
       Potion            |       |     1 ||     1
  Eat: Chunk             |     1 |     3 ||     4
Armor: Scale mail        |    18 |    37 ||    55
Dodge: Dodged            |    20 |    31 ||    51
Block: Shield            |    27 |    49 ||    76
